 Dungeon Crawl Stone Soup version 0.27.1-34-g3ba077fa99 (webtiles) character file.

Game seed: 17880467611033332976

8122 MisterFreud the Grappler (level 11, -3/107 HPs)
             Began as a Troll Berserker on Jan 24, 2022.
             Was an Elder of Trog.
             Slain by a killer bee (5 damage)
             ... on level 9 of the Dungeon.
             The game lasted 00:10:19 (6440 turns).

MisterFreud the Grappler (Troll Berserker)          Turns: 6440, Time: 00:10:20

Health: -3/107     AC:  4    Str: 27    XL:     11   Next: 5%
Magic:  0/10       EV: 13    Int:  4    God:    Trog [****..]
Gold:   375        SH:  0    Dex: 17    Spells: 10/10 levels left

rFire    . . .     SeeInvis .     - Unarmed
rCold    . . .     Faith    .   (no shield)
rNeg     . . .     Spirit   +   a - +0 animal skin
rPois    .         Reflect  .   (helmet restricted)
rElec    .         Harm     .   (no cloak)
rCorr    .         Rampage  .   (gloves unavailable)
Will     +++..                  (boots unavailable)
Stlth    ++........             m - amulet of guardian spirit
HPRegen  2.27/turn              r - +6 ring of dexterity
MPRegen  0.12/turn              s - ring of willpower

@: lethally poisoned (-3 -> -3), strong-willed, attractive, regenerating
A: large, unfitting armour, claws 3, regeneration 1, shaggy fur 1, tough skin 1
a: Renounce Religion, Berserk, Trog's Hand, Brothers in Arms


You were on level 9 of the Dungeon.
You worshipped Trog.
Trog was greatly pleased with you.
You visited 1 branch of the dungeon, and saw 9 of its levels.

You collected 375 gold pieces.

Inventory:

Missiles
 u - 8 silver javelins (quivered)
 v - 11 javelins
 w - 25 poisoned darts
Armour
 a - a +0 animal skin (worn)
Jewellery
 c - a ring of ice
 m - an amulet of guardian spirit (around neck)
 r - a +6 ring of dexterity (left claw)
 s - a ring of willpower (right claw)
 x - a +6 ring of intelligence
Wands
 p - a wand of iceblast (15)
 C - a wand of digging (5)
 D - a wand of polymorph (12)
 F - a wand of flame (13)
Scrolls
 b - 4 scrolls of teleportation {unknown}
 d - a scroll of enchant weapon {unknown}
 g - 2 scrolls of amnesia {unknown}
 k - 4 scrolls of identify {unknown}
 q - a scroll of enchant armour {unknown}
 y - 2 scrolls of magic mapping {unknown}
 z - 2 scrolls of vulnerability {unknown}
 E - a scroll of fear {unknown}
Potions
 e - a potion of haste {unknown}
 f - 3 potions of curing
 h - 2 potions of attraction
 i - a potion of berserk rage {unknown}
 j - a potion of resistance {unknown}
 l - a potion of flight {unknown}
 n - a potion of brilliance {unknown}
 o - 2 potions of heal wounds {unknown}
 t - a potion of cancellation {unknown}
 A - a potion of experience {unknown}
 B - a potion of mutation {unknown}


   Skills:
 + Level 6.6 Fighting
 + Level 7.7 Throwing
 + Level 6.6 Dodging
 + Level 11.1 Unarmed Combat


You had 10 spell levels left.
You didn't know any spells.
Your spell library was empty.

Dungeon Overview and Level Annotations

Branches:
Dungeon (9/15)             Temple (0/1) D:6
   Lair: D:8-11         Orc: D:9-12

Altars:
Cheibriados
Hepliaklqana
Kikubaaqudgha
Okawaru
Wu Jian
Zin

Shops:
D:1 ![   D:7 :


Innate Abilities, Weirdness & Mutations

You are too large for most types of armour.
You have claws for hands.
Your natural rate of healing is unusually fast.
You are covered in fur. (AC +1)
You have tough skin. (AC +1)


Message History

* * * LOW HITPOINT WARNING * * *
You barely miss the killer bee.
The killer bee stings you but does no damage.
You completely miss the killer bee.
You feel the effects of Trog's Hand fading.
The killer bee stings you.
* * * LOW HITPOINT WARNING * * *
The killer bee stings you.
* * * LOW HITPOINT WARNING * * *
You miss the killer bee. The killer bee stings you!
* * * LOW HITPOINT WARNING * * *
You are poisoned.
The killer bee poisons you!
It was a potion of curing.
You feel better. The killer bee misses you. The killer bee closely misses you.
You closely miss the killer bee. The killer bee barely misses you.
The killer bee misses you.
You closely miss the killer bee. The killer bee barely misses you.
The killer bee stings you.
* * * LOW HITPOINT WARNING * * *
You are poisoned.
The killer bee poisons you!
You miss the killer bee. You claw the killer bee!
The killer bee is almost dead.
You feel sick. The killer bee stings you!
* * * LOW HITPOINT WARNING * * *
It was a potion of attraction.
You feel attractive to monsters.
Your skin stops crawling.
You feel less strong-willed.
You feel sick. The killer bee closely misses you. x2
The cyclops is pulled toward you!
Okay, then.
Unknown command.
Your skin crawls.
You feel strong-willed. Trog will no longer gift you weapons.
You feel sick. The killer bee stings you!
* * * LOW HITPOINT WARNING * * *
The killer bee stings you.
You die...

.#.#
#......................
.#.#
#.####'###.............
.#.#
#.#......#.....C.......
.#†#
#.#......#.............
.#.#
#.#......#..(.#########
##†# #.#......'....#
...########.#......#....#
............########....#
................@yC.....#
#######...............(.#
......#........##########
......#.>......#
......#........#
......##.......#
.......#.......#
.......#.......#
.......'.......#


You could see a cyclops and a killer bee.

Vanquished Creatures
  2 two-headed ogres (D:6)
  Pikel (D:5)
  A manticore (D:5)
  Grinder (D:6)
  Prince Ribbit (D:7)
  Sigmund (D:2)
  2 shadows (D:9)
  9 yaks
  3 wyverns
  2 steam dragons (D:9)
  Menkaure (D:6)
  3 water moccasins
  Duvessa (D:6)
  2 orc warriors
  An ogre (D:6)
  A sky beast (D:6)
  6 centaurs
  A phantom (D:5)
  A lemure (D:5)
  2 bullfrogs (D:8)
  2 scorpions
  A wyvern zombie (D:8)
  Dowan (D:6)
  10 wights
  5 killer bees (D:9)
  A centaur zombie (D:9)
  3 orc priests
  A jelly (D:3)
  A bullfrog skeleton (D:4)
  3 hounds
  Terence (D:2)
  4 orc wizards
  Natasha (twice) (D:2)
  An iguana (D:6)
  A killer bee zombie (D:6)
  2 hound zombies (D:5)
  2 howler monkey zombies (D:6)
  A howler monkey skeleton (D:5)
  6 adders
  A white imp (D:5)
  2 ufetubi
  2 worms (D:2)
  5 dart slugs
  22 orcs
  11 endoplasms
  5 giant cockroaches
  3 goblins
  3 hobgoblins
  4 jackals (D:1)
  3 quokkas
  5 ball pythons
  10 bats
  3 frilled lizards
  7 kobolds
  2 rats
178 creatures vanquished.

Notes
Turn   | Place    | Note
-------+----------+-------------------------------------------
     0 | D:1      | MisterFreud the Troll Berserker began the quest for the
                  | Orb.
     0 | D:1      | Reached XP level 1. HP: 22/22 MP: 0/0
    68 | D:1      | Found Niss's Distillery.
   134 | D:1      | Reached XP level 2. HP: 29/29 MP: 1/1
   169 | D:1      | Found Poynt's Antique Armour Boutique.
   250 | D:1      | Reached skill level 4 in Unarmed Combat
   315 | D:1      | Reached XP level 3. HP: 34/36 MP: 2/2
   342 | D:1      | Reached ** piety under Trog
   748 | D:2      | Noticed Sigmund
   764 | D:2      | Killed Sigmund
   765 | D:2      | Reached skill level 6 in Unarmed Combat
   765 | D:2      | Reached XP level 4. HP: 44/44 MP: 3/3
   765 | D:2      | Reached XP level 5. HP: 50/50 MP: 4/4
   902 | D:2      | Noticed Terence
   909 | D:2      | Killed Terence
  1060 | D:2      | Noticed Natasha
  1063 | D:2      | Killed Natasha
  1064 | D:2      | Reached XP level 6. HP: 59/59 MP: 5/5
  1074 | D:2      | Noticed Natasha
  1081 | D:2      | Killed Natasha
  1082 | D:2      | Reached skill level 7 in Unarmed Combat
  1585 | D:3      | Reached *** piety under Trog
  2256 | D:4      | Reached skill level 8 in Unarmed Combat
  2338 | D:4      | Reached XP level 7. HP: 66/66 MP: 6/6
  2338 | D:4      | Found an ancient bone altar of Kikubaaqudgha.
  2345 | D:4      | Found a snail-covered altar of Cheibriados.
  2346 | D:4      | Found an iron altar of Okawaru.
  2812 | D:5      | Entered Level 5 of the Dungeon
  3187 | D:5      | Noticed Pikel
  3220 | D:5      | Killed Pikel
  3221 | D:5      | Reached XP level 8. HP: 79/79 MP: 5/7
  3381 | D:6      | Noticed Menkaure
  3381 | D:6      | Noticed a manticore
  3390 | D:5      | Killed a manticore
  3391 | D:5      | Reached skill level 5 in Fighting
  3391 | D:5      | Reached skill level 5 in Dodging
  3450 | D:6      | Killed Menkaure
  3451 | D:6      | Reached XP level 9. HP: 88/88 MP: 5/8
  3531 | D:5      | Reached skill level 9 in Unarmed Combat
  3607 | D:6      | Noticed a two-headed ogre
  3613 | D:6      | Killed a two-headed ogre
  3678 | D:6      | Reached skill level 5 in Throwing
  3799 | D:6      | Found a staircase to the Ecumenical Temple.
  3813 | D:6      | Reached **** piety under Trog
  3817 | D:6      | Reached skill level 10 in Unarmed Combat
  3848 | D:6      | Noticed a two-headed ogre
  3851 | D:6      | Noticed Grinder
  3856 | D:6      | Killed a two-headed ogre
  3862 | D:6      | Killed Grinder
  3863 | D:6      | Reached XP level 10. HP: 96/96 MP: 9/9
  4037 | D:6      | Found a hazy altar of Hepliaklqana.
  4093 | D:6      | Noticed Duvessa
  4094 | D:6      | Noticed Dowan
  4100 | D:6      | Killed Duvessa
  4106 | D:6      | Killed Dowan
  4549 | D:7      | Found an ornate altar of the Wu Jian Council.
  4622 | D:7      | Found a glowing silver altar of Zin.
  4792 | D:7      | Found Furen's Book Emporium.
  4865 | D:7      | Noticed Prince Ribbit
  4871 | D:7      | Killed Prince Ribbit
  6122 | D:9      | Reached skill level 11 in Unarmed Combat
  6276 | D:9      | Reached XP level 11. HP: 82/107 MP: 8/10
  6405 | D:9      | Reached ***** piety under Trog
  6440 | D:9      | HP: 2/107 [killer bee (8)]
  6440 | D:9      | Slain by a killer bee

Illustrated notes

Levels and vault maps discovered:
D:1:      psy_arrival_dodecagon, layout_basic, serial_shops, shop,
          nicolae_shop_overgrown_old_shop, kennysheep_minor_cross
D:2:      layout_basic, serial_glass, glass_columns_b, glass_columns_a,
          kennysheep_generic_room_6, uniq_terence, uniq_natasha, uniq_sigmund
D:3:      layout_loops_cross, roderic_lattice_a, minivault_27
D:4:      layout_loops_ring, minitemple, amethyst_killhole
D:5:      layout_rooms, uniq_pikel
D:6:      layout_cave_pools, mainiacjoe_overflow_alcove_1,
          minmay_temple_entry_mini_moons, uniq_grinder, uniq_duvessa,
          uniq_menkaure
D:7:      layout_layer_cave, grunt_temple_overflow_open, serial_shops,
          nicolae_stop_n_shop_1, uniq_prince_ribbit1
D:8:      layout_basic, kennysheep_generic_room_8
D:9:      layout_irregular_city, tgw_fedhas, david_orc_4, enter_bailey_7,
          minmay_bent

Skill      XL: |  1  2  3  4  5  6  7  8  9 10 |
---------------+-------------------------------+-----
Unarmed Combat | 4 6 8 10 11 | 11.1
Fighting       | 4 5 6 |  6.6
Dodging        | 4 5 6 |  6.6
Throwing       | 3 6 7 |  7.7

Action                   |  1- 3 |  4- 6 |  7- 9 | 10-12 || total
-------------------------+-------+-------+-------+-------++-------
Melee: Unarmed           |    90 |   115 |   139 |   189 ||   533
       Punch             |     3 |     3 |    10 |     8 ||    24
Invok: Berserk           |     1 |     1 |     5 |     1 ||     8
       Trog's Hand       |       |       |       |     2 ||     2
  Use: Potion            |       |       |       |     2 ||     2
 Stab: Sleeping          |       |       |     1 |     3 ||     4
Armor: Animal skin       |    37 |    34 |    22 |    27 ||   120
Dodge: Dodged            |    46 |    44 |    79 |   117 ||   286
